 Dungeon Crawl Stone Soup version 0.21.1-1-g345015f (webtiles) character file.

342 n0claF the Vandal (level 6, -6/55 HPs)
             Began as a Centaur Hunter on June 25, 2018.
             Mangled by an ice beast (14 damage)
             ... on level 5 of the Dungeon.
             The game lasted 00:09:11 (4895 turns).

n0claF the Vandal (Centaur Hunter)                  Turns: 4895, Time: 00:09:12

Health: -6/55      AC:  8    Str: 14    XL:     6   Next: 30%
Magic:  6/6        EV:  8    Int: 10    God:
Gold:   219        SH:  0    Dex: 12    Spells: 5/5 levels left

rFire    . . .     SeeInvis .   a - +1 hunting sling
rCold    . . .     Gourm    .   (no shield)
rNeg     . . .     Faith    .   C - +0 ring mail
rPois    .         Spirit   .   (no helmet)
rElec    .         Reflect  .   r - +2 cloak
rCorr    .         Harm     .   (no gloves)
MR       .....                  (no barding)
Stlth    ..........             (no amulet)
HPRegen  0.18/turn              (no ring)
MPRegen  0.10/turn              (no ring)

@: very quick
A: large, hooves 3, deformed body, speed 2, tough skin 3
a: no special abilities


You were on level 5 of the Dungeon.
You were not hungry.

You visited 1 branch of the dungeon, and saw 5 of its levels.

You collected 219 gold pieces.

Inventory:

Hand Weapons
 a - a +1 hunting sling (weapon)
 b - a +0 short sword
Missiles
 d - 50 sling bullets
 g - 51 stones (quivered)
 x - 80 arrows
Armour
 r - a +2 cloak (worn)
   (You took it off Crazy Yiuf on level 2 of the Dungeon)
 C - a +0 ring mail (worn)
   (You found it on level 3 of the Dungeon)
Jewellery
 n - an uncursed ring of positive energy {unknown}
   (You found it on level 2 of the Dungeon)
 p - an uncursed ring of fire {unknown}
   (You found it on level 2 of the Dungeon)
Wands
 u - a wand of paralysis (7)
   (You found it on level 3 of the Dungeon)
Scrolls
 c - a scroll of teleportation {unknown}
 f - 3 scrolls of blinking {unknown}
 h - 6 scrolls of identify {unknown}
 i - 2 scrolls of magic mapping {unknown}
 k - 2 scrolls of amnesia {unknown}
 q - a scroll of remove curse {unknown}
 s - 2 scrolls of fog {unknown}
 v - 3 scrolls of enchant weapon {unknown}
 w - 2 scrolls of fear {unknown}
 y - a scroll of random uselessness {unknown}
 A - a scroll of noise {unknown}
Potions
 j - 2 potions of degeneration {unknown}
 l - 3 potions of agility {unknown}
 m - 4 potions of curing {unknown}
 o - a potion of lignification {unknown}
 t - a potion of brilliance {unknown}
 z - 2 potions of invisibility {unknown}
 B - a potion of ambrosia {unknown}
Comestibles
 e - 10 rations {!d}
 D - a chunk of flesh


   Skills:
 + Level 4.9 Fighting
 + Level 6.7 Slings
 - Level 1.3 Dodging
 - Level 0.4 Stealth


You had 5 spell levels left.
You didn't know any spells.

Dungeon Overview and Level Annotations

Branches:
Dungeon (5/15)
 Temple: D:4-7

Altars:
Ashenzari


Innate Abilities, Weirdness & Mutations

You have hooves in place of feet.
Armour fits poorly on your strangely shaped body.
You cover ground very quickly.
You have extremely tough skin. (AC +3)


Message History

You hear the rusting of a very distant drain.
You found a teleport trap!
There is an open door here.
You open the door.
There is an open door here.
There is an open door here.
You open the door.
There is an open door here.
Found a spear.
An ice beast comes into view.
Aim: an ice beast You shoot a stone.
The stone hits the ice beast.
Aim: an ice beast (lightly wounded)
You shoot a stone. The stone hits the ice beast.
Aim: an ice beast (heavily wounded)
You shoot a stone. The stone hits the ice beast.
The ice beast hits you. The ice beast freezes you!
Aim: an ice beast (heavily wounded)
You shoot a stone.
The stone hits the ice beast but does no damage.
The ice beast barely misses you.
Aim: an ice beast (heavily wounded)
You shoot a stone. The stone closely misses the ice beast.
The ice beast closely misses you.
Aim: an ice beast (heavily wounded)
You shoot a stone. The stone closely misses the ice beast.
The ice beast hits you. The ice beast freezes you!
Aim: an ice beast (heavily wounded)
You shoot a stone.
The stone hits the ice beast but does no damage.
Aim: an ice beast (heavily wounded)
You shoot a stone. The stone barely misses the ice beast.
The ice beast hits you. The ice beast freezes you!
* * * LOW HITPOINT WARNING * * *
Aim: an ice beast (heavily wounded)
You shoot a stone. The stone barely misses the ice beast.
The ice beast hits you.
* * * LOW HITPOINT WARNING * * *
The ice beast freezes you!
* * * LOW HITPOINT WARNING * * *
Aim: an ice beast (heavily wounded)
You shoot a stone. The stone hits the ice beast.
The ice beast hits you but does no damage.
Aim: an ice beast (severely wounded)
You shoot a stone.
The stone hits the ice beast but does no damage.
The ice beast hits you.
* * * LOW HITPOINT WARNING * * *
The ice beast freezes you!
You die...

###### #..<#
#.# ##### #.#
#.# #.###
#.#.. #.#.#
#.#.#
######.#.###
..).....@...#
#######Y#.#.#
#(...#
#(.....
##...###
##.## #.# #.


You could see an ice beast.

Vanquished Creatures
  A black bear (D:5)
  An ogre (D:4)
  Crazy Yiuf (D:2)
  6 adders
  An ooze (D:4)
  An adder skeleton (D:4)
  A worm (D:2)
  2 dart slugs
  4 leopard geckos
  An orc (D:4)
  3 giant cockroaches
  8 goblins
  12 hobgoblins
  8 jackals
  5 kobolds
  2 quokkas
  A ball python (D:1)
  2 bats
  6 frilled lizards
  5 rats
71 creatures vanquished.

Notes
Turn   | Place    | Note
-------+----------+-------------------------------------------
     0 | D:1      | n0claF the Centaur Hunter began the quest for the Orb.
     0 | D:1      | Reached XP level 1. HP: 17/17 MP: 1/1
   364 | D:1      | Reached XP level 2. HP: 25/25 MP: 2/2
  1081 | D:2      | Reached skill level 5 in Slings
  1081 | D:2      | Reached XP level 3. HP: 9/30 MP: 3/3
  1441 | D:2      | Found a runed door.
  2350 | D:2      | Noticed Crazy Yiuf
  2362 | D:2      | Killed Crazy Yiuf
  2362 | D:2      | Reached XP level 4. HP: 10/38 MP: 4/4
  3207 | D:3      | Found a shattered altar of Ashenzari.
  3765 | D:4      | Reached XP level 5. HP: 43/46 MP: 5/5
  3956 | D:4      | Noticed an ogre
  3991 | D:4      | Killed an ogre
  3991 | D:4      | Reached skill level 6 in Slings
  4586 | D:5      | Entered Level 5 of the Dungeon
  4605 | D:5      | Noticed a black bear
  4615 | D:5      | Killed a black bear
  4615 | D:5      | Reached XP level 6. HP: 39/55 MP: 6/6
  4884 | D:5      | Noticed an ice beast
  4895 | D:5      | Mangled by an ice beast

Skill      XL: |  1  2  3  4  5 |
---------------+----------------+-----
Slings         | 5 6 |  6.7
Fighting       | 3 4 |  4.9
Dodging        | |  1.3
Stealth        | |  0.4

Action                   |  1- 3 |  4- 6 || total
-------------------------+-------+-------++-------
 Fire: Hunting sling     |   144 |   158 ||   302
  Eat: Chunk             |     2 |     7 ||     9
Armor: Leather armour    |    16 |     6 ||    22
       Ring mail         |       |    23 ||    23
Dodge: Dodged            |    33 |    24 ||    57
